 Dungeon Crawl Stone Soup version 0.31-a0-818-ge7c7cf74f0 (webtiles) character file.

Game seed: 16714000144601627003

10 Essalna the Conjurer (level 2, 19/19 HPs)
             Began as a Demonspawn Conjurer on Sept 23, 2023.
             Got out of the dungeon alive.
             The game lasted 00:00:30 (326 turns).

Essalna the Conjurer (Demonspawn Conjurer)           Turns: 326, Time: 00:00:31

Health: 19/19      AC:  2    Str:  7    XL:     2   Next: 10%
Magic:  4/5        EV: 12    Int: 19    God:
Gold:   17         SH:  0    Dex: 11    Spells: 4/5 levels left

rFire   . . .        (no weapon)
rCold   . . .        (no shield)
rNeg    . . .        a - +0 robe
rPois   .            (helmet restricted)
rElec   .            (no cloak)
rCorr   .            (no gloves)
SInv    .            (no boots)
Will    .....        (no amulet)
Stlth   ++           (no ring)
HPRegen 0.23/turn    (no ring)
MPRegen 0.09/turn

%: no passive effects
@: no status effects
A: antennae 1
a: no special abilities


You escaped.
You visited 1 branch of the dungeon, and saw 1 of its levels.

You collected 17 gold pieces.

Inventory:

Armour
 a - a +0 robe (worn)
Scrolls
 c - a scroll of silence {unknown}
Potions
 b - a potion of magic
 d - 2 potions of might {unknown}


   Skills:
 - Level 1.7 Dodging
 - Level 1.7 Stealth
 + Level 2.3 Spellcasting
 + Level 4.2 Conjurations


You had 4 spell levels left.
You knew the following spells:

 Your Spells              Type           Power      Damage    Failure   Level
a - Magic Dart            Conj           72%        1d6       2%          1

Your spell library contained the following spells:

 Spells                   Type           Power      Damage    Failure   Level
 Searing Ray              Conj           36%        2d5       4%          2
 Dazzling Flash           Conj/Hex       20%        N/A       21%         3
 Fulminant Prism          Conj/Hex       5%         3d7       56%         4
 Iskenderun's Mystic Bla  Conj/Tloc      10%        2d4       56%         4


Dungeon Overview and Level Annotations

Branches:
Dungeon (1/15)

Altars:


Innate Abilities, Weirdness & Mutations

You have a pair of small antennae on your head.


Message History

You can't see any susceptible monsters within range! (Use Z to cast anyway.)
You can't see any susceptible monsters within range! (Use Z to cast anyway.)
A kobold comes into view. It is wielding a +0 whip.
A kobold is nearby!
A kobold is nearby!
A kobold is nearby!
The magic dart hits the kobold.
You kill the kobold!
You can't see any susceptible monsters within range! (Use Z to cast anyway.)
You can't see any susceptible monsters within range! (Use Z to cast anyway.)
You can't see any susceptible monsters within range! (Use Z to cast anyway.) Key pressed, stopping explore.
Key pressed, stopping explore.
A bat comes into view.
Found 2 puce potions.
The magic dart hits the bat.
The bat is severely wounded.
The magic dart hits the bat.
You kill the bat!
You can't see any susceptible monsters within range! (Use Z to cast anyway.)
You can't see any susceptible monsters within range! (Use Z to cast anyway.)
d - 2 puce potions A dart slug comes into view.
A dart slug is nearby!
A dart slug is nearby!
The magic dart hits the dart slug.
The dart slug is moderately wounded.
The magic dart hits the dart slug.
The dart slug is heavily wounded.
The magic dart hits the dart slug.
You kill the dart slug!
You have reached level 2!
Your demonic ancestry asserts itself...
A pair of antennae grows on your head!
Things that are here:
a quokka skeleton; a ball python skeleton
There is an open door here.
You see here a +0 whip.
There is a staircase leading out of the dungeon here.
You have escaped!

###.....####.#
#.............
#.##########
#.# #.# #.#
#.# #♣#♣# #.#
##.♣.## #.#
#P#@#P#
##.####
##P.P##
#....)#
#P♣.♣P#
#.....#
#♣.).♣#
#.....#
#.....#
#.....#
#.~8~.# ###
#.....#
#.~~~.# ..#
#.....#
#.~#~.# #.###
#.....#
#+###'# ....#


There were no monsters in sight!

Vanquished Creatures
  A dart slug (D:1)
  A bat (D:1)
  A giant cockroach (D:1)
  A kobold (D:1)
  A quokka (D:1)
  A ball python (D:1)
  A goblin (D:1)
  A rat (D:1)
8 creatures vanquished.

Notes
Turn   | Place    | Note
-------+----------+-------------------------------------------
     0 | D:1      | Essalna the Demonspawn Conjurer began the quest for the
                  | Orb.
     0 | D:1      | Reached XP level 1. HP: 13/13 MP: 3/3
   276 | D:1      | Gained mutation: You have a pair of small antennae on your
                  | head. [demonic ancestry]
   276 | D:1      | Reached XP level 2. HP: 19/19 MP: 0/5
   326 | D:$      | Got out of the dungeon alive.

Illustrated notes

Levels and vault maps discovered:
D:1:      tarquinn_simple_flora_water_d, layout_basic, basic_ecumenical_altar

Action                     || total
---------------------------++-------
  Melee: Unarmed           ||    35
         Punch             ||     1
   Cast: Magic Dart        ||    14
 Armour: Robe              ||    21
  Dodge: Dodged            ||    26

Table legend: (Time is in decaauts)
 A = Elapsed time spent in this place.
 B = Non-inter-level travel time spent in this place.
 C = Inter-level travel time spent in this place.
 D = Time resting spent in this place.
 E = Time spent auto-exploring this place.
 F = Levels seen in this place.
 G = Mean time per level.
                   A        B        C        D        E       F      G
               +--------+--------+--------+--------+--------+-----+--------+
         Total |    326 |    277 |     49 |      0 |    217 |   1 |  326.0 |
       Dungeon |    326 |    277 |     49 |      0 |    217 |   1 |  326.0 |
               +--------+--------+--------+--------+--------+-----+--------+

Top non-repeatable levels by time:
     D:1: 326 daAuts
